 Dungeon Crawl Stone Soup version 0.25-a0-413-g3b4b6a4ccc (webtiles) character file.

Game seed: 13288068966263138758, levelgen mode: deterministic

590317 Borgoz the Shatterer (level 26, -11/161 HPs)
             Began as a Gargoyle Berserker on Jan 16, 2020.
             Was an Elder of Trog.
             Killed from afar by a tengu reaver (15 damage)
             ... with a bolt of lightning
             ... led by Sojobo
             ... on level 1 of the Tomb of the Ancients.
             The game lasted 02:28:53 (52456 turns).

Borgoz the Shatterer (Gargoyle Berserker)          Turns: 52456, Time: 02:28:53

Health: -11/161    AC: 54    Str: 40    XL:     26   Next: 29%
Magic:  27/27      EV: 30    Int:  7    God:    Trog [****..]
Gold:   4745       SH:  7    Dex: 18    Spells: 25/25 levels left

rFire    + + .     SeeInvis .   a - +7 great mace "Undeadhunter" {disrupt, rN+}
rCold    + . .     Gourm    .   (shield currently unavailable)
rNeg     + + .     Faith    .   F - +6 plate armour of the First Snow {rElec rCorr Str+2}
rPois    ∞         Spirit   .   A - +2 helmet
rElec    +         Reflect  +   P - +2 cloak {MR+}
rCorr    +         Harm     .   O - +2 pair of gloves {archery}
MR       +++++                  x - +0 pair of boots of Dogma {rF+ Regen+ Str+3 Stlth+}
Stlth    ++........             V - amulet "Kuluisul" {Reflect Str+4 SH+3}
HPRegen  1.76/turn              R - ring "Ceukimaem" {rF+ Str+4 Int-3 Slay+3 Stlth+}
MPRegen  0.20/turn              U - ring "Ivvejaiq" {rC+ Slay+3 Stlth+}

@: agile, berserk cooldown, flying, regenerating, slowed, very slow
A: big wings, hooves 1, large bone plates 1, blurry vision 1, deformed body,
frail 1, magic resistance 1, negative energy resistance 1, electricity
resistance, unbreathing, petrification resistance, no potion heal 1, rot
immunity, sturdy frame 1, AC +20
}: 5/15 runes: decaying, slimy, silver, abyssal, gossamer
a: Stop Flying, Berserk, Trog's Hand, Brothers in Arms, Renounce Religion


You were on level 1 of the Tomb of the Ancients.
You worshipped Trog.
Trog was greatly pleased with you.
You were not hungry.

You visited 10 branches of the dungeon, and saw 48 of its levels.
You visited the Abyss 3 times.
You also visited: Sewer and Volcano.

You collected 7599 gold pieces.
You spent 2854 gold pieces at shops.

Inventory:

Hand Weapons
 a - the +7 great mace "Undeadhunter" (weapon) {disrupt, rN+}
   (Trog gifted it to you on level 1 of the Swamp)

   It protects you from negative energy.
 b - a +5 vampiric eveningstar
Armour
 x - the +0 pair of boots of Dogma (worn) {rF+ Regen+ Str+3 Stlth+}
   (You bought it in a shop on level 6 of the Dungeon)

   It affects your strength (+3).
   It protects you from fire.
   It increases your rate of regeneration.
   It makes you more stealthy.
 A - a +2 helmet (worn)
 F - the +6 plate armour of the First Snow (worn) {rElec rCorr Str+2}
   (You found it on level 3 of the Crypt)

   It affects your strength (+2).
   It insulates you from electricity.
   It provides partial protection from all sources of acid and corrosion.
 O - a +2 pair of gloves of archery (worn)
 P - a +2 cloak of magic resistance (worn)
Jewellery
 H - the ring "Math" {+Blink Str+4 SInv Stlth+}
   (You took it off a deep elf mage on level 3 of the Elven Halls)

   [ring of stealth]

   It affects your strength (+4).
   It lets you see invisible.
   It lets you blink.
   It makes you more stealthy.
 M - the amulet of Qeacsono {rN+ Regen+ Int+3 Stlth+}
   (You bought it in a shop on level 4 of the Dungeon)

   [amulet of regeneration]

   It affects your intelligence (+3).
   It protects you from negative energy.
   It increases your rate of regeneration.
   It makes you more stealthy.
 R - the ring "Ceukimaem" (left hand) {rF+ Str+4 Int-3 Slay+3 Stlth+}
   (You found it on level 4 of the Vaults)

   [ring of stealth]

   It affects your strength (+4).
   It affects your intelligence (-3).
   It affects your accuracy and damage with ranged weapons and melee attacks
   (+3).
   It protects you from fire.
   It makes you more stealthy.
 U - the ring "Ivvejaiq" (right hand) {rC+ Slay+3 Stlth+}
   (You acquired it on level 1 of the Lair of Beasts)

   [ring of protection from cold]

   It affects your accuracy and damage with ranged weapons and melee attacks
   (+3).
   It protects you from cold.
   It makes you more stealthy.
 V - the amulet "Kuluisul" (around neck) {Reflect Str+4 SH+3}
   (You found it on level 3 of the Crypt)

   [amulet of reflection]

   It shields you and reflects attacks.
   It affects your strength (+4).
   It affects your SH (+3).
Wands
 n - a wand of iceblast (20)
 u - a wand of scattershot (5)
 B - a wand of polymorph (33)
 D - a wand of acid (59)
 E - a wand of disintegration (15)
 I - a wand of digging (13)
 L - a wand of clouds (10)
 N - a wand of paralysis (44)
Scrolls
 e - 3 scrolls of silence
 i - 10 scrolls of identify
 m - 3 scrolls of fear
 p - 4 scrolls of blinking
 q - 27 scrolls of remove curse
 r - 5 scrolls of magic mapping
 v - 17 scrolls of teleportation
 y - 7 scrolls of fog
 Q - 2 scrolls of summoning
 S - a scroll of acquirement
 T - 2 scrolls of holy word
Potions
 d - 4 potions of heal wounds
 f - 4 potions of resistance
 g - 4 potions of agility
 k - 14 potions of haste
 l - 3 potions of berserk rage
 s - 12 potions of might
 w - 14 potions of curing
 z - 7 potions of ambrosia
 K - 4 potions of cancellation
Comestibles
 c - 43 rations


   Skills:
 + Level 21.7 Fighting
 * Level 23.0 Maces & Flails
 + Level 21.7 Armour
 * Level 20.0 Dodging
 - Level 6.0 Evocations


You had 25 spell levels left.
You didn't know any spells.
Your spell library was empty.

Dungeon Overview and Level Annotations

Branches:
Dungeon (15/15)            Temple (0/1) D:4            Lair (6/6) D:10
  Swamp (4/4) Lair:4       Spider (4/4) Lair:2        Slime (5/5) Lair:6
    Orc (2/2) D:12            Elf (3/3) Orc:2        Vaults (5/5) D:13
  Crypt (3/3) Vaults:2       Tomb (1/3) Crypt:3      Depths (0/5) D:15
  Sewer (visited)         Volcano (visited)

Altars:
Ashenzari
Cheibriados
Gozag
Hepliaklqana
Kikubaaqudgha
Makhleb
Okawaru
Sif Muna
Uskayaw
Xom
Yredelemnul
Jiyva

Shops:
D:4 =!}?[   D:5 *   D:6 %[[[   D:9 (   D:13 *   Orc:2 *[(!   Elf:1 :   Elf:3 [
Vaults:2 %   Vaults:3 =}((

Portals:
Trove: Vaults:3 (give 2 scrolls of acquirement)

Annotations:
Tomb:1 Sojobo


Innate Abilities, Weirdness & Mutations

You are resistant to torment.
Your stone body is resilient. (AC +20)
You are immune to poison.
Your large and strong wings let you fly indefinitely.
You resist negative energy. (rN+)
You are resistant to electric shocks. (rElec)
You can survive without breathing.
You are immune to petrification.
You are immune to rotting.
You have large cloven feet.
You are partially covered in large bone plates. (SH +4)
Scrolls take you a little longer to read.
Armour fits poorly on your strangely shaped body.
You are frail. (-10% HP)
You are resistant to hostile enchantments. (MR+)
Potions are less effective at restoring your health.
Your movements are slightly less encumbered by armour. (ER -2)


Message History

A vortex of raging winds appears around the air elemental!
You block the air elemental's attack. x2
The air elemental completely misses you.
Sojobo points at you and mumbles some strange words.
The bolt of lightning hits you! You resist.
* * * LOW HITPOINT WARNING * * *
The tengu reaver hits you but does no damage.
The air elemental barely misses you. The air elemental misses you.
Sojobo conjures a fierce blast of wind!
You are blown backwards!
The air elementals are blown away by the wind.
You are engulfed in raging winds.
The air elemental disappears in a puff of smoke!
* * * LOW HITPOINT WARNING * * *
You block the air elemental's attack.
The tengu reaver gestures at you while chanting.
The bolt of lightning hits the air elemental.
The air elemental completely resists.
The bolt of lightning hits you! You resist.
You die...

#..................
#°...............(.
#§§§§§§............
#§§§.§§.........Q..
#§§§Q§§............
#§§*QH§............
#§H§.§§............
#§E§§§§........?...
#§@§§§§........Q...
#§§§§......########
#..........#
#..........#
#..........#
#..........#
#..........#
#..........#
#..........#


You could see Sojobo, 2 sphinxes, a tengu reaver, an air elemental and a
battlesphere.

Vanquished Creatures
  3 ancient liches
  Khufu (Tomb:1)
  Mara (Tomb:1)
  2 greater mummies (Tomb:1)
  Frederick (Vaults:5)
  Xtahua (Vaults:5)
  A golden dragon (Vaults:5)
  Jory (Vaults:5)
  Nikola (Elf:1)
  Jorgrun (D:13)
  Rupert (Orc:2)
  3 tentacled monstrosities (Vaults:5)
  5 liches
  6 deep elf master archers (Elf:3)
  4 deep elf blademasters
  14 acid blobs
  5 titans
  Asterion (Spider:3)
  2 tentacled starspawn
  Frances (Spider:1)
  3 sphinxes
  4 shadow dragons (Vaults:5)
  A storm dragon (Vaults:5)
  8 tengu reavers
  5 azure jellies
  3 thorn hunters
  Donald (Slime:3)
  2 revenants
  7 deep elf sorcerers
  A frost giant (Vaults:4)
  21 vault wardens
  2 iron dragons (Vaults:5)
  A balrug (Abyss:4)
  2 fire giants
  5 emperor scorpions
  4 deep elf elementalists
  3 curse skulls
  3 ghost moths
  A draconian annihilator (Abyss:2)
  3 ghouls
  The ghost of Nuigo the Swashbuckler, a journeyman KoAs of Okawaru (Lair:2)
  13 ironheart preservers
  11 stone giants
  8 very ugly things
  4 reapers (Crypt:3)
  The ghost of salade2fruit the Fighter, a journeyman OpTm of Cheibriados (Lair:5)
  4 vampire knights
  5 entropy weavers
  3 war gargoyles (Vaults:5)
  A dire elephant (shapeshifter) (Vaults:5)
  5 spark wasps (Spider:4)
  9 deep elf annihilators
  9 deep elf death magi
  7 eidola
  A purple draconian (Abyss:4)
  7 ettins (Vaults:5)
  7 death oozes
  A mummy priest (Crypt:3)
  A fire dragon (shapeshifter) (Vaults:5)
  8 ogre magi
  12 yaktaur captains
  Harold (D:8)
  2 fire dragons
  A blizzard demon (Abyss:4)
  A deep elf high priest (Elf:2)
  13 great orbs of eyes
  5 jiangshi (Crypt:2)
  41 vault guards
  Fannar (Lair:2)
  A rakshasa (Vaults:1)
  The ghost of MisterFreud the Slicer, a journeyman GnCK of Xom (D:11)
  23 hydras
  6 ice dragons
  2 shambling mangroves
  4 catoblepae
  A ghost crab (Swamp:3)
  8 centaur warriors
  The ghost of sankara the Slicer, a journeyman HaMo of Okawaru (D:9)
  11 alligators
  The ghost of Vopap the Basher, a journeyman GrGl of Okawaru (D:10)
  7 death knights
  4 tengu warriors
  3 vampire magi
  25 dancing weapons
  2 deep troll shamans (Vaults:3)
  A titan zombie (Crypt:3)
  25 two-headed ogres
  An orc high priest (Orc:2)
  A death yak (D:11)
  3 hell hogs (Abyss:2)
  Urug (D:13)
  7 death scarabs (Spider:4)
  2 thrashing horrors (Abyss:2)
  26 deep elf knights
  3 hell knights (Abyss:4)
  4 wretched stars
  6 soul eaters (Crypt:3)
  Nergalle (Lair:4)
  2 storm dragon zombies
  2 sixfirhies
  12 skeletal warriors
  A shadow wraith (Abyss:3)
  A storm dragon skeleton (Crypt:3)
  11 swamp dragons
  A sea snake (shapeshifter) (Vaults:2)
  3 spatial maelstroms
  A fire crab (shapeshifter) (Vaults:5)
  An anaconda zombie (Crypt:3)
  An unseen horror (shapeshifter) (D:15)
  2 spriggan druids
  3 unseen horrors
  A shadow demon (Abyss:2)
  2 flayed ghosts
  6 deep trolls
  3 shadow dragon zombies (Crypt:3)
  3 glowing orange brains (Abyss:4)
  A lindwurm (Lair:5)
  13 orc knights
  19 deep elf archers
  3 wolf spider zombies (Spider:4)
  18 wolf spiders
  2 anaconda skeletons (Crypt:3)
  2 fire giant zombies
  13 orb spiders
  5 wizards
  3 shining eyes (Slime:5)
  24 ironbrand convokers
  16 phantasmal warriors
  2 orc sorcerers
  17 necromancers
  2 stone giant zombies (Crypt:3)
  An oklob plant (Lair:6)
  A salamander (shapeshifter) (Vaults:3)
  67 deep elf magi
  46 ugly things
  11 cyclopes
  An iron dragon skeleton (Crypt:3)
  A sphinx skeleton (Crypt:2)
  2 moths of wrath
  3 manticores
  A frost giant zombie (Crypt:3)
  6 elephants (Lair:3)
  Joseph (D:8)
  A fire giant skeleton (Crypt:1)
  A shock serpent skeleton (Tomb:1)
  16 vault sentinels
  3 smoke demons
  5 molten gargoyles (Volcano)
  3 gargoyles (D:13)
  Maurice (Orc:2)
  17 spiny frogs
  A stone giant skeleton (Crypt:2)
  4 black mambas
  3 apocalypse crabs
  An eye of devastation (Slime:5)
  A spectral redback (Spider:4)
  A rime drake (Lair:6)
  2 emperor scorpion zombies
  4 centaur skeletons (D:15)
  5 kobold demonologists
  31 yaktaurs
  2 redback zombies (Spider:4)
  18 demonic crawlers
  13 komodo dragons
  A death yak zombie (Crypt:2)
  A rime drake (shapeshifter) (D:14)
  3 efreet (Volcano)
  A hellion (Abyss:4)
  2 guardian mummies
  17 hellwings
  12 freezing wraiths
  A sea snake skeleton (Crypt:2)
  A tengu conjurer (D:15)
  5 ancient zymes
  36 jumping spiders
  A queen ant zombie (Crypt:2)
  10 tyrant leeches
  8 trolls
  3 spectral tarantellas (Spider:4)
  A hornet (shapeshifter) (Vaults:2)
  23 hornets
  3 spectral jumping spiders (Spider:4)
  9 blink frogs
  2 ettin zombies
  2 jumping spider zombies (Spider:4)
  5 polar bears
  69 slime creatures
  A blink frog (shapeshifter) (Vaults:5)
  A shadow dragon simulacrum (Vaults:5)
  5 raiju (Abyss:2)
  15 bog bodies
  9 hippogriffs
  13 dream sheep
  2 tarantella zombies (Spider:4)
  An ice dragon zombie (Crypt:3)
  24 starcursed masses
  A frost giant simulacrum (Vaults:5)
  2 centaur simulacra (D:11)
  6 flying skulls (Crypt:2)
  18 spriggans
  Sigmund (D:3)
  51 redbacks
  2 ice dragon skeletons
  A vampire (Abyss:4)
  37 yaks
  17 wraiths
  A ynoxinul (Abyss:4)
  4 ettin skeletons (Crypt:3)
  7 wyverns
  2 wyverns (shapeshifter)
  6 shadows
  3 air elementals
  2 elf zombies (Vaults:5)
  6 water elementals
  5 fire elementals
  32 tarantellas
  7 neqoxecs
  2 hungry ghosts
  2 basilisks
  14 small abominations
  27 vampire mosquitoes
  12 large abominations
  2 spatial vortices (Abyss:4)
  A monstrous demonspawn zombie (Crypt:3)
  14 swamp worms
  7 wargs
  15 insubstantial wisps
  A deep troll zombie (Vaults:5)
  12 water moccasins
  A merfolk zombie (Crypt:2)
  A water moccasin (shapeshifter) (Vaults:3)
  2 acid dragons
  2 porcupines
  2 floating eyes (Slime:5)
  6 ice beasts
  A black bear (shapeshifter) (Vaults:5)
  An ice dragon simulacrum (Abyss:4)
  3 spectral hornets (Spider:4)
  13 swamp drakes
  2 snapping turtle zombies
  5 black bears
  47 orc warriors
  7 sky beasts
  A swamp dragon zombie (Crypt:3)
  A hornet zombie (Spider:4)
  31 ogres
  3 necrophages
  2 eyes of draining
  A manticore zombie (Crypt:1)
  3 phantoms
  6 boggarts
  A manticore skeleton (Crypt:3)
  37 wolves
  14 crocodiles
  14 centaurs
  18 bullfrogs
  4 big kobolds
  A gnoll sergeant (D:8)
  4 earth elementals
  A water moccasin zombie (D:5)
  A hornet simulacrum (D:9)
  9 wyvern skeletons (Crypt:3)
  A spriggan zombie (Crypt:3)
  A cyclops skeleton (Crypt:2)
  6 scorpions
  A raiju skeleton (Crypt:1)
  A human simulacrum (Vaults:2)
  A wight (Vaults:2)
  A howler monkey (D:7)
  2 electric eels
  4 centaur zombies
  11 crimson imps
  A quasit (Abyss:2)
  4 bullfrog skeletons
  5 bullfrog zombies
  A jelly (shapeshifter) (Vaults:5)
  12 orc priests
  7 jellies
  26 orc wizards
  5 hounds
  6 iguanas
  2 human skeletons
  13 worker ants
  A hound skeleton (D:4)
  5 mummies
  2 worker ant zombies
  9 gnolls
  19 adders
  A hound simulacrum (D:9)
  7 river rats (Sewer)
  4 shadow imps
  5 white imps
  2 worker ant simulacra (D:11)
  An ufetubus (Abyss:3)
  2 oozes
  2 adder zombies
  An adder skeleton (D:4)
  3 worms (D:2)
  5 dart slugs
  7 leopard geckos
  90 orcs
  9 giant cockroaches
  10 goblins
  10 hobgoblins
  13 jackals
  2 quokkas (D:4)
  4 ball pythons
  10 bats
  11 frilled lizards
  A frilled lizard zombie (Crypt:2)
  A giant cockroach zombie (Crypt:1)
  A goblin zombie (Crypt:1)
  A jackal skeleton (D:5)
  30 kobolds
  A quokka skeleton (D:4)
  21 rats
  A crawling corpse (Elf:3)
  A fungus (Lair:3)
  2 withered plants (Crypt:3)
2227 creatures vanquished.

Vanquished Creatures (collateral kills)
  Dissolution (Slime:1)
  the Royal Jelly (Slime:5)
  Margery (Vaults:2)
  4 acid blobs (Slime:5)
  An azure jelly (Slime:5)
  A deep elf demonologist (Elf:3)
  A white draconian (Abyss:4)
  2 deep elf annihilators (Elf:3)
  A deep elf death mage (Elf:3)
  4 death oozes (Slime:5)
  A deep elf high priest (Elf:3)
  A vault guard (Vaults:5)
  A death knight (D:11)
  A dancing weapon (Elf:2)
  An ogre mage (Vaults:2)
  A deep elf knight (Elf:2)
  4 hell knights (Vaults:2)
  A skeletal warrior (D:14)
  A phantasmal warrior (D:11)
  A deep elf archer (Elf:3)
  A necromancer (Vaults:2)
  3 deep elf magi
  6 oklob plants
  2 smoke demons
  A spiny frog (Lair:3)
  2 orange demons (Abyss:4)
  A freezing wraith (D:14)
  8 slime creatures
  An ettin zombie (Vaults:5)
  A hippogriff (Lair:3)
  2 small abominations
  2 yaks (Lair:2)
  A neqoxec (Abyss:2)
  An insubstantial wisp (Abyss:4)
  2 ogres (Vaults:2)
  A starcursed mass (Abyss:4)
  An orc priest (D:14)
  A crawling corpse (Elf:3)
  3 plants (Lair:3)
70 creatures vanquished.

Vanquished Creatures (others)
  An ettin (Vaults:5)
  A hydra (Lair:4)
  An ice dragon (Vaults:5)
  2 deep elf knights
  A spriggan druid (Swamp:4)
  An ugly thing (D:15)
  A komodo dragon (Lair:4)
  A yaktaur (Vaults:5)
  A jumping spider (Spider:1)
  A starcursed mass (Abyss:4)
  2 orcs
  A jackal (D:1)
  4 briar patches
  A fire vortex (Volcano)
  7 fungi
  A lurking horror (Abyss:4)
  A plant (Lair:6)
28 creatures vanquished.

Grand Total: 2325 creatures vanquished

Notes
Turn   | Place    | Note
-------+----------+-------------------------------------------
     0 | D:1      | Borgoz the Gargoyle Berserker began the quest for the Orb.
     0 | D:1      | Reached XP level 1. HP: 14/14 MP: 1/1
   193 | D:1      | Reached XP level 2. HP: 13/19 MP: 2/2
   778 | D:1      | Reached XP level 3. HP: 19/24 MP: 3/3
  1479 | D:2      | Reached ** piety under Trog
  1490 | D:2      | Reached XP level 4. HP: 7/29 MP: 4/4
  1741 | D:2      | Noticed a centaur
  1777 | D:2      | Killed a centaur
  1777 | D:2      | Reached XP level 5. HP: 8/33 MP: 5/5
  2173 | D:2      | Found a hide-covered altar of Uskayaw.
  2173 | D:2      | Found a snail-covered altar of Cheibriados.
  2173 | D:2      | Found a basalt altar of Yredelemnul.
  2179 | D:2      | Reached skill level 4 in Maces & Flails
  2434 | D:2      | Found a shattered altar of Ashenzari.
  2706 | D:3      | Noticed a sky beast
  2722 | D:3      | Killed a sky beast
  2722 | D:3      | Reached XP level 6. HP: 36/39 MP: 6/6
  2884 | D:3      | Noticed Sigmund
  2902 | D:3      | Killed Sigmund
  2902 | D:3      | Reached skill level 5 in Fighting
  2902 | D:3      | Reached XP level 7. HP: 30/44 MP: 7/7
  3035 | D:3      | Found a hazy altar of Hepliaklqana.
  3374 | D:4      | Found Patzoaro's Gadget Boutique.
  3431 | D:4      | Reached *** piety under Trog
  3550 | D:4      | Reached skill level 5 in Maces & Flails
  3617 | D:4      | Found Ginysoq's Distillery.
  3630 | D:4      | Reached skill level 5 in Armour
  3787 | D:4      | Found Deapas's Magic Scroll Emporium.
  3790 | D:4      | Bought a scroll of identify for 26 gold pieces
  3837 | D:4      | Found Atruowan's Jewellery Boutique.
  3897 | D:4      | Found Qeoch's Armour Shop.
  3931 | D:4      | Found a staircase to the Ecumenical Temple.
  3953 | D:4      | Reached XP level 8. HP: 23/51 MP: 8/8
  4284 | D:4      | Noticed a troll
  4299 | D:4      | Killed a troll
  4702 | D:5      | Entered Level 5 of the Dungeon
  4715 | D:5      | Reached **** piety under Trog
  4878 | D:5      | Found a burning altar of Makhleb.
  4911 | D:5      | Found Quid's General Store.
  4921 | D:5      | Bought a scroll of remove curse for 33 gold pieces
  4939 | D:5      | Reached skill level 6 in Maces & Flails
  5336 | D:6      | Found Juonerph's Food Boutique.
  5339 | D:6      | Found Hymuwegh's Armour Shop.
  5357 | D:6      | Reached XP level 9. HP: 56/56 MP: 9/9
  5452 | D:6      | Reached skill level 5 in Dodging
  5454 | D:6      | Found Upnaehu's Antique Armour Shoppe.
  5463 | D:6      | Bought a pair of spiked boots for 228 gold pieces
  5474 | D:6      | Identified the +0 pair of boots of Dogma {rF+ Regen+ Str+3
                  | Stlth+} (You bought it in a shop on level 6 of the Dungeon)
  5716 | D:6      | Found a glowing drain.
  5725 | Sewer    | Entered a sewer
  5878 | Sewer    | Reached ***** piety under Trog
  5878 | Sewer    | Received a gift from Trog
  6238 | D:6      | Found an opulent altar of Gozag.
  6295 | D:6      | Found an ancient bone altar of Kikubaaqudgha.
  6311 | D:6      | Got a fine lapis lazuli ring
  6312 | D:6      | Identified the ring of Lyqisedo {*Tele *Slow +Blink MR+
                  | Dex+3} (You found it on level 6 of the Dungeon)
  6375 | D:6      | Found Cisseitt's Armour Shoppe.
  6970 | D:7      | Reached skill level 7 in Maces & Flails
  7138 | D:7      | Found a shimmering altar of Xom.
  7306 | D:7      | Reached XP level 10. HP: 62/64 MP: 10/10
  7476 | D:7      | Found an iron altar of Okawaru.
  7873 | D:8      | Noticed Joseph
  7884 | D:8      | Killed Joseph
  7970 | D:8      | Received a gift from Trog
  7970 | D:8      | Reached skill level 8 in Maces & Flails
  8256 | D:8      | Noticed Harold
  8274 | D:8      | Killed Harold
  8471 | D:9      | Found a runed translucent gate.
  8471 | D:9      | Found a runed translucent gate.
  8471 | D:9      | Found a runed translucent gate.
  8573 | D:9      | Found Jeugir's Antique Weapon Shoppe.
  8719 | D:9      | Noticed sankara's ghost (journeyman HaMo)
  8859 | D:10     | Entered Level 10 of the Dungeon
  8881 | D:10     | Found a transporter.
  8881 | D:10     | Noticed Vopap's ghost (journeyman GrGl)
  8900 | D:10     | Found a transporter.
  8914 | D:10     | Found a staircase to the Lair.
  8970 | D:10     | Reached XP level 11. HP: 51/71 MP: 11/11
  9053 | D:10     | Received a gift from Trog
  9109 | D:10     | Noticed a two-headed ogre
  9114 | D:10     | Killed a two-headed ogre
  9114 | D:10     | Reached skill level 9 in Maces & Flails
  9694 | D:11     | Noticed a death knight
  9694 | D:11     | Noticed a phantasmal warrior
  9709 | D:11     | Killed a phantasmal warrior
  9709 | D:11     | Reached skill level 10 in Fighting
  9716 | D:11     | Killed a death knight
  9811 | D:11     | Killed an unseen horror
  9811 | D:11     | Reached skill level 10 in Armour
  9831 | D:11     | Noticed a death yak
  9836 | D:11     | Noticed a green ugly thing
  9870 | D:11     | Killed a death yak
  9883 | D:11     | Killed a green ugly thing
 10105 | D:11     | Noticed a cyclops
 10114 | D:11     | Killed a cyclops
 10114 | D:11     | Reached skill level 10 in Maces & Flails
 10121 | D:11     | Noticed a five-headed hydra
 10122 | D:11     | Found a transporter.
 10130 | D:11     | Found a transporter.
 10133 | D:11     | Noticed MisterFreud's ghost (journeyman GnCK)
 10137 | D:11     | Noticed a moth of wrath
 10231 | D:11     | Reached XP level 12. HP: 79/79 MP: 12/12
 10942 | D:12     | Found a runed translucent door.
 11215 | D:12     | You fall into a shaft and drop 2 floors!
 11390 | D:14     | Noticed a death knight
 11390 | D:14     | Noticed a centaur warrior
 11396 | D:14     | Reached skill level 11 in Maces & Flails
 11405 | D:14     | Killed a centaur warrior
 11432 | D:14     | Killed a death knight
 11432 | D:14     | Reached XP level 13. HP: 27/86 MP: 13/13
 11559 | D:14     | Got a jasper-encrusted leather armour
 11618 | D:14     | Identified the +3 leather armour of the Mind {rC+ Stlth+}
                  | (You found it on level 14 of the Dungeon)
 11781 | D:13     | Noticed Urug
 11793 | D:13     | Killed Urug
 11981 | D:12     | Found a staircase to the Orcish Mines.
 12113 | D:9      | Killed sankara's ghost
 12170 | D:9      | Got the ring "Utsuhog" {Fire}
 12192 | D:9      | Identified the ring "Utsuhog" {Fire *Contam Str+4 Int+8}
                  | (You found it on level 9 of the Dungeon)
 12274 | D:10     | Gained mutation: Your magical capacity is low. (-10% MP)
                  | [mutagenic glow]
 12285 | D:10     | Killed Vopap's ghost
 12384 | Lair:1   | Entered Level 1 of the Lair of Beasts
 12718 | Lair:1   | Identified a scroll of acquirement
 12866 | Lair:1   | Found a dark tunnel.
 13008 | Volcano  | Entered a volcano
 13151 | Volcano  | Reached skill level 10 in Dodging
 13468 | Lair:2   | Received a gift from Trog
 13643 | Lair:2   | Found a hole to the Spider Nest.
 13650 | Lair:2   | Reached skill level 12 in Maces & Flails
 13733 | Lair:2   | Identified Kerixk Ysue's Disquisition on Helpful Companions
 13942 | Lair:2   | Noticed Fannar
 13976 | Lair:2   | Gained mutation: Your large and strong wings let you fly
                  | indefinitely. [Gargoyle growth]
 13976 | Lair:2   | Reached XP level 14. HP: 35/94 MP: 12/12
 13993 | Lair:2   | Killed Fannar
 14314 | Lair:2   | Found a runed translucent door.
 14318 | Lair:2   | Noticed Nuigo's ghost (journeyman KoAs)
 14320 | Lair:2   | Identified the +4 spear of the Sky {vamp, +Rage MR- Str-4
                  | Stlth+}
 14481 | Lair:2   | Killed Nuigo's ghost
 15119 | Lair:3   | Got a smoking chain mail
 15130 | Lair:3   | Identified the +5 chain mail of the First Tales {Int+2}
                  | (You found it on level 3 of the Lair of Beasts)
 15552 | Lair:4   | Found a staircase to the Swamp.
 15576 | Lair:4   | Noticed Nergalle
 15591 | Lair:4   | Killed Nergalle
 16058 | Lair:5   | Received a gift from Trog
 16268 | Lair:5   | Reached skill level 13 in Maces & Flails
 16308 | Lair:5   | Found a runed translucent gate.
 16309 | Lair:5   | Found a runed translucent gate.
 16310 | Lair:5   | Found a runed translucent gate.
 16311 | Lair:5   | Noticed salade2fruit's ghost (journeyman OpTm)
 16675 | Lair:5   | Found a viscous altar of Jiyva.
 16732 | Lair:5   | Killed salade2fruit's ghost
 16883 | Lair:6   | Entered Level 6 of the Lair of Beasts
 16964 | Lair:6   | Reached XP level 15. HP: 89/100 MP: 13/13
 17447 | Lair:6   | Received a gift from Trog
 17853 | Lair:6   | Found a staircase to the Slime Pits.
 18666 | D:11     | Killed MisterFreud's ghost
 18676 | D:11     | Got a wavering bone ring
 18742 | D:11     | Identified the ring "Avvail Kaow" {*Contam Int+3 Dex+5
                  | Slay+3} (You found it on level 11 of the Dungeon)
 18881 | D:13     | Received a gift from Trog
 18923 | D:13     | Noticed Jorgrun
 18938 | D:13     | Killed Jorgrun
 18958 | D:13     | Reached skill level 15 in Fighting
 19039 | D:13     | Found Wiwakl Duqud's General Store.
 19110 | D:13     | Found an ancient bone altar of Kikubaaqudgha.
 19187 | D:13     | Found a gate to the Vaults.
 19371 | D:13     | Reached skill level 14 in Maces & Flails
 19784 | D:15     | Entered Level 15 of the Dungeon
 19803 | D:15     | Reached skill level 15 in Armour
 19845 | D:15     | Reached XP level 16. HP: 107/108 MP: 14/14
 19849 | D:15     | Received a gift from Trog
 20130 | D:15     | Found a staircase to the Depths.
 20732 | D:15     | Found a shimmering blue altar of Sif Muna.
 21285 | D:4      | Bought the amulet of Qeacsono {rN+ Regen+ Int+3 Stlth+} for
                  | 603 gold pieces
 21298 | D:4      | Bought a potion of heal wounds for 65 gold pieces
 21298 | D:4      | Bought 2 potions of heal wounds for 130 gold pieces
 21298 | D:4      | Bought a potion of heal wounds for 65 gold pieces
 21298 | D:4      | Bought a potion of haste for 130 gold pieces
 21312 | D:4      | Bought a scroll of teleportation for 39 gold pieces
 21312 | D:4      | Bought a scroll of teleportation for 39 gold pieces
 21312 | D:4      | Bought a scroll of teleportation for 39 gold pieces
 21312 | D:4      | Bought a scroll of holy word for 97 gold pieces
 21467 | Orc:1    | Entered Level 1 of the Orcish Mines
 21636 | Orc:1    | You are sucked into a shaft and drop 1 floor!
 21636 | Orc:2    | Entered Level 2 of the Orcish Mines
 21636 | Orc:2    | Found a staircase to the Elven Halls.
 21638 | Orc:2    | Noticed Rupert
 21648 | Orc:2    | Killed Rupert
 21721 | Orc:2    | Received a gift from Trog
 22183 | Orc:2    | Noticed Maurice
 22208 | Orc:2    | Killed Maurice
 22441 | Orc:2    | Found Somobrun's Armour Shoppe.
 22441 | Orc:2    | Found Wuckyppa's Weapon Boutique.
 22441 | Orc:2    | Found Kumezes's Distillery.
 22444 | Orc:2    | Found Qydod's General Store.
 22628 | Orc:2    | Bought a potion of heal wounds for 60 gold pieces
 22628 | Orc:2    | Bought a potion of resistance for 120 gold pieces
 22628 | Orc:2    | Bought a potion of haste for 120 gold pieces
 22628 | Orc:2    | Bought a potion of mutation for 96 gold pieces
 22633 | Orc:2    | Bought a scroll of summoning for 142 gold pieces
 22633 | Orc:2    | Bought a potion of might for 60 gold pieces
 22788 | D:6      | Bought a pair of glowing gloves for 180 gold pieces
 22921 | Lair:1   | Identified the ring "Ivvejaiq" {rC+ Slay+3 Stlth+} (You
                  | acquired it on level 1 of the Lair of Beasts)
 22921 | Lair:1   | Identified a +1 pair of boots of running (You acquired it
                  | on level 1 of the Lair of Beasts)
 23000 | Swamp:1  | Entered Level 1 of the Swamp
 23473 | Swamp:1  | Received a gift from Trog
 23474 | Swamp:1  | Found the +7 great mace "Undeadhunter" {disrupt, rN+}
 23948 | Swamp:2  | Noticed a thorn hunter
 23956 | Swamp:2  | Killed a thorn hunter
 24269 | Swamp:2  | Reached XP level 17. HP: 85/115 MP: 15/15
 24573 | Swamp:3  | Reached skill level 15 in Maces & Flails
 25249 | Swamp:3  | Got a pair of brightly glowing boots
 25250 | Swamp:3  | Identified the cursed +0 pair of boots of the Game of Kings
                  | {*Drain rC+ Dex+2} (You found it on level 3 of the Swamp)
 25534 | D:14     | Got an ancient mace
 25535 | D:14     | Identified the +2 mace "Niusy" {crush, Str+2} (You found it
                  | on level 14 of the Dungeon)
 25911 | Swamp:4  | Entered Level 4 of the Swamp
 25969 | Swamp:3  | Received a gift from Trog
 26248 | Swamp:4  | Got a decaying rune of Zot
 26926 | Spider:1 | Entered Level 1 of the Spider Nest
 26941 | Spider:1 | Received a gift from Trog
 27075 | Spider:1 | Noticed Frances
 27092 | Spider:1 | Killed Frances
 27864 | Spider:2 | Received a gift from Trog
 28022 | Spider:2 | Reached XP level 18. HP: 102/123 MP: 16/16
 28795 | Spider:3 | Noticed Asterion
 28802 | Spider:3 | Killed Asterion
 29088 | Spider:3 | Reached skill level 16 in Maces & Flails
 29715 | Spider:4 | Entered Level 4 of the Spider Nest
 29947 | Spider:4 | Received a gift from Trog
 31016 | Spider:4 | Received a gift from Trog
 31146 | Spider:4 | Got a translucent falchion {god gift}
 31150 | Spider:4 | Identified the +12 falchion of Trog's Esteem {slice, Dex+3}
                  | (Trog gifted it to you on level 4 of the Spider Nest)
 31168 | Spider:4 | Got a gossamer rune of Zot
 31483 | Vaults:1 | Entered Level 1 of the Vaults
 31524 | Vaults:1 | Reached XP level 19. HP: 126/130 MP: 17/17
 31610 | Vaults:1 | Received a gift from Trog
 31944 | Vaults:1 | Reached skill level 1 in Evocations
 32496 | Vaults:1 | Reached skill level 17 in Maces & Flails
 33094 | Vaults:2 | Received a gift from Trog
 33419 | Vaults:2 | Found a staircase to the Crypt.
 33464 | Vaults:2 | Noticed Margery
 33477 | Vaults:2 | Found Mycusm's Food Emporium.
 33920 | Vaults:2 | Killed Margery
 33922 | Vaults:2 | Received a gift from Trog
 33948 | Vaults:2 | Reached XP level 20. HP: 97/137 MP: 20/20
 34049 | Vaults:2 | Reached skill level 15 in Dodging
 34559 | Vaults:3 | Received a gift from Trog
 34978 | Vaults:3 | Reached skill level 18 in Maces & Flails
 34987 | Vaults:3 | Received a gift from Trog
 35077 | Vaults:3 | Found Ylifo's Antique Weapon Boutique.
 35525 | Vaults:3 | Reached skill level 5 in Evocations
 35629 | Vaults:3 | Found Revithramih's Jewellery Shoppe.
 35670 | Vaults:3 | Found Alahec's Gadget Shoppe.
 35670 | Vaults:3 | Found Deofa's Antique Weapon Shoppe.
 35768 | Vaults:3 | Found a portal to a secret trove of treasure.
 36355 | Vaults:4 | Received a gift from Trog
 36392 | Vaults:4 | Reached ****** piety under Trog
 36398 | Vaults:4 | Reached XP level 21. HP: 133/143 MP: 22/22
 36951 | Vaults:4 | Received a gift from Trog
 37225 | Vaults:4 | Got a heavily runed granite ring
 37542 | Vaults:4 | Identified the ring "Ceukimaem" {rF+ Str+4 Int-3 Slay+3
                  | Stlth+} (You found it on level 4 of the Vaults)
 37827 | Vaults:5 | Entered Level 5 of the Vaults
 38195 | Elf:1    | Entered Level 1 of the Elven Halls
 38232 | Elf:1    | Received a gift from Trog
 38408 | Elf:1    | Reached skill level 19 in Maces & Flails
 38499 | Elf:1    | Noticed Nikola
 38516 | Elf:1    | Killed Nikola
 38715 | Elf:1    | Found Xal Xuylysk's Book Emporium.
 38725 | Elf:1    | Received a gift from Trog
 38922 | Elf:1    | Cast into level 2 of the Abyss (a wizard)
 38982 | Abyss:2  | Found a corrupted altar of Lugonu.
 39043 | Abyss:2  | Gained mutation: Potions are less effective at restoring
                  | your health. [a neqoxec]
 39138 | Abyss:2  | Paralysed by accursed screaming for 1 turns
 39235 | Abyss:2  | Paralysed by you for 2 turns
 39247 | Abyss:2  | Found an ornate altar of the Wu Jian Council.
 39402 | Abyss:2  | Received a gift from Trog
 39452 | Abyss:2  | Found a corrupted altar of Lugonu.
 39515 | Abyss:2  | Reached XP level 22. HP: 150/150 MP: 23/23
 39615 | Elf:1    | Escaped the Abyss
 40033 | Elf:2    | Received a gift from Trog
 40145 | Elf:2    | Found a runed translucent gate.
 40145 | Elf:2    | Found a runed translucent gate.
 40146 | Elf:2    | Found a runed translucent gate.
 40533 | Elf:2    | Received a gift from Trog
 40552 | Elf:2    | Cast into level 3 of the Abyss (+3 trident of distortion)
 40646 | Abyss:4  | Gained mutation: You are weak. (Str -2) [a neqoxec]
 40678 | Abyss:4  | Found a corrupted altar of Lugonu.
 40697 | Abyss:4  | Got an abyssal rune of Zot
 40702 | Abyss:4  | Paralysed by accursed screaming for 2 turns
 41184 | Abyss:4  | Received a gift from Trog
 41190 | Abyss:4  | Paralysed by accursed screaming for 1 turns
 41242 | Elf:2    | Escaped the Abyss
 41267 | Elf:2    | Cast into level 3 of the Abyss (+3 trident of distortion)
 41270 | Abyss:4  | Found a corrupted altar of Lugonu.
 41346 | Elf:2    | Escaped the Abyss
 41594 | Elf:3    | Entered Level 3 of the Elven Halls
 41639 | Elf:3    | Found Zinonako's Antique Armour Boutique.
 41650 | Elf:3    | Bought a runed scarf for 232 gold pieces
 41730 | Elf:3    | Reached skill level 20 in Maces & Flails
 41974 | Elf:3    | Received a gift from Trog
 42335 | Elf:3    | Reached XP level 23. HP: 156/156 MP: 24/24
 42756 | Elf:3    | Received a gift from Trog
 42759 | Elf:3    | Identified the +9 trident of Duty {pain, *Drain rN+ MP+9}
 42917 | Elf:3    | Got a bloodstained dagger {god gift}
 42918 | Elf:3    | Identified the +10 dagger of Giant's Foe {flame, *Contam
                  | +Inv Dex+4} (Trog gifted it to you on level 3 of the Elven
                  | Halls)
 42927 | Elf:3    | Gained mutation: You are clumsy. (Dex -2) [mutagenic glow]
 43017 | Elf:3    | Identified Kekh's Incunabulum of the Icy Escort
 43035 | Elf:3    | Identified the cursed +1 leather armour of Vaniw {MR+}
 43035 | Elf:3    | Identified the ring "Math" {+Blink Str+4 SInv Stlth+}
 43175 | Elf:3    | Got an ichor-stained morningstar
 43254 | Elf:3    | Identified the +6 morningstar of the Demagogue {freeze, rN+
                  | Dex-2 SInv} (You found it on level 3 of the Elven Halls)
 43634 | Vaults:3 | Bought a jewelled flail for 246 gold pieces
 43634 | Vaults:3 | Identified the +11 flail "Brush" {freeze, Dex+2} (You
                  | bought it in a shop on level 3 of the Vaults)
 44332 | Crypt:1  | Entered Level 1 of the Crypt
 45271 | Crypt:2  | Received a gift from Trog
 45829 | Crypt:3  | Entered Level 3 of the Crypt
 46174 | Crypt:3  | Reached skill level 21 in Maces & Flails
 46205 | Crypt:3  | Received a gift from Trog
 46230 | Crypt:3  | Got a shimmering chain mail
 46245 | Crypt:3  | Identified the +3 chain mail of the Sparrow {MR+ SInv} (You
                  | found it on level 3 of the Crypt)
 46501 | Crypt:3  | Found an ancient bone altar of Kikubaaqudgha.
 46520 | Crypt:3  | Reached XP level 24. HP: 164/164 MP: 24/24
 46698 | Crypt:3  | Found the +7 mace of Variability {chain chaos}
 46699 | Crypt:3  | Noticed an ancient lich
 46699 | Crypt:3  | Noticed an ancient lich
 46707 | Crypt:3  | Killed an ancient lich
 46710 | Crypt:3  | Killed an ancient lich
 46710 | Crypt:3  | Received a gift from Trog
 46721 | Crypt:3  | Got a crude pewter amulet
 46730 | Crypt:3  | Identified the amulet "Kuluisul" {Reflect Str+4 SH+3} (You
                  | found it on level 3 of the Crypt)
 47245 | Crypt:3  | Found a staircase to the Tomb.
 47421 | Crypt:3  | Got a fine plate armour
 47437 | Crypt:3  | Identified the +6 plate armour of the First Snow {rElec
                  | rCorr Str+2} (You found it on level 3 of the Crypt)
 47651 | Vaults:4 | Received a gift from Trog
 47865 | Vaults:5 | Noticed Xtahua
 47875 | Vaults:5 | Noticed Jory
 47883 | Vaults:5 | Killed Xtahua
 47912 | Vaults:5 | Identified the +12 great sword of Defence {speed, rC+}
 47919 | Vaults:5 | Noticed Frederick
 47955 | Vaults:5 | Killed Frederick
 48007 | Vaults:5 | Identified the +7 trident "Juphism" {freeze, *Contam rElec
                  | rPois rF+}
 48051 | Vaults:5 | Received a gift from Trog
 48062 | Vaults:5 | Killed Jory
 48115 | Vaults:5 | Reached XP level 25. HP: 168/171 MP: 24/24
 48142 | Vaults:5 | Reached skill level 22 in Maces & Flails
 48325 | Vaults:5 | Got a silver rune of Zot
 48411 | Vaults:5 | Identified the +4 battleaxe "Nunwy" {speed, rPois MR- Int+4
                  | Dex+2}
 48459 | Vaults:5 | Identified the ring of the Failed Coup {Wiz *Drain rN+ MP+9
                  | Str+3}
 48463 | Vaults:5 | Identified the +9 broad axe of Ucanof {pain, +Inv rN++
                  | Dex-3 SInv}
 48463 | Vaults:5 | Identified the +9 triple crossbow of Yredelemnul {flame,
                  | rF++ SInv Stlth-}
 48500 | Vaults:5 | Received a gift from Trog
 48633 | Vaults:5 | Identified the ring "Zoivvothro" {Wiz rPois}
 48767 | Vaults:5 | Noticed an ancient lich
 48786 | Vaults:5 | Killed an ancient lich
 48794 | Vaults:5 | Identified the +11 trident "Iprou" {elec, Str-3 Dex+8}
 49047 | Vaults:5 | Identified the +7 dire flail of Cobwebs {crush, Dex+5 SInv}
 49693 | Slime:1  | Entered Level 1 of the Pits of Slime
 50053 | Slime:3  | Noticed Dissolution
 50062 | Slime:3  | Gained mutation: You tend to lose your temper in combat. [a
                  | shining eye]
 50065 | Slime:3  | Gained mutation: You are very weak. (Str -4) [a shining
                  | eye]
 50070 | Slime:3  | Paralysed by a floating eye for 4 turns
 50072 | Slime:3  | Gained mutation: Your magical capacity is very low. (-20%
                  | MP) [a shining eye]
 50255 | Slime:2  | Paralysed by a floating eye for 3 turns
 50292 | Slime:1  | Killed Dissolution
 50299 | Slime:1  | Received a gift from Trog
 50309 | Slime:1  | Got a warped great mace {god gift}
 50327 | Slime:1  | Identified the +5 great mace "Jellyslayer" {flame, *Rage
                  | rPois rC+} (Trog gifted it to you on level 1 of the Pits of
                  | Slime)
 50345 | Slime:3  | Noticed Donald
 50355 | Slime:3  | Killed Donald
 50558 | Slime:5  | Entered Level 5 of the Pits of Slime
 50587 | Slime:5  | Paralysed by a floating eye for 3 turns
 50672 | Slime:5  | Paralysed by a floating eye for 3 turns
 50691 | Slime:5  | HP: 1/258 [enormous slime creature (64)]
 50926 | Slime:4  | Received a gift from Trog
 50928 | Slime:4  | Reached XP level 26. HP: 168/178 MP: 22/22
 51031 | Slime:5  | Gained mutation: Armour fits poorly on your strangely
                  | shaped body. [a shining eye]
 51064 | Slime:5  | Noticed the Royal Jelly
 51080 | Slime:5  | Killed the Royal Jelly
 51091 | Slime:5  | Gained mutation: You are dopey. (Int -2) [a shining eye]
 51094 | Slime:5  | Gained mutation: You are frail. (-10% HP) [a shining eye]
 51140 | Slime:5  | Found the +8 glaive of the Guard {elec, +Rage AC+5 SInv}
 51155 | Slime:5  | Got a scintillating pewter ring
 51163 | Slime:5  | Identified the ring "Buhiakas" {*Contam MR+ Str+3 Dex+4}
                  | (You found it on level 5 of the Pits of Slime)
 51171 | Slime:5  | Got a polished whip
 51172 | Slime:5  | Identified the +5 whip "Omoqiur" {slash, rElec rPois Dex-5}
                  | (You found it on level 5 of the Pits of Slime)
 51183 | Slime:5  | Got an ichor-stained scale mail
 51185 | Slime:5  | Got an ancient battleaxe
 51208 | Slime:5  | Got a scorched pewter ring
 51213 | Slime:5  | Identified the +3 battleaxe "Repoog" {chop, rPois rC+
                  | Str+3} (You found it on level 5 of the Pits of Slime)
 51215 | Slime:5  | Identified the +1 scale mail of Sula {rElec rPois rF+++
                  | Int-4} (You found it on level 5 of the Pits of Slime)
 51216 | Slime:5  | Identified the ring of Cheibriados's Esteem {+Blink rElec
                  | MP+9} (You found it on level 5 of the Pits of Slime)
 51247 | Slime:5  | Got a slimy rune of Zot
 51610 | D:4      | Bought a potion of mutation for 104 gold pieces
 52319 | Crypt:3  | Lost mutation: You are clumsy. (Dex -2) [potion of
                  | mutation]
 52319 | Crypt:3  | Lost mutation: Your magical capacity is very low. (-20% MP)
                  | [potion of mutation]
 52319 | Crypt:3  | Lost mutation: You are dopey. (Int -2) [potion of mutation]
 52319 | Crypt:3  | Lost mutation: You are very weak. (Str -4) [potion of
                  | mutation]
 52319 | Crypt:3  | Gained mutation: You have supernaturally acute eyesight.
                  | (SInv) [potion of mutation]
 52319 | Crypt:3  | Gained mutation: You have a beak for a mouth. [potion of
                  | mutation]
 52320 | Crypt:3  | Lost mutation: You have supernaturally acute eyesight.
                  | (SInv) [potion of mutation]
 52320 | Crypt:3  | Lost mutation: You tend to lose your temper in combat.
                  | [potion of mutation]
 52320 | Crypt:3  | Gained mutation: You have large cloven feet. [potion of
                  | mutation]
 52320 | Crypt:3  | Gained mutation: Your spells are a little harder to cast,
                  | but a little more powerful. [potion of mutation]
 52321 | Crypt:3  | Lost mutation: Your magical capacity is low. (-10% MP)
                  | [potion of mutation]
 52321 | Crypt:3  | Lost mutation: Armour fits poorly on your strangely shaped
                  | body. [potion of mutation]
 52321 | Crypt:3  | Gained mutation: You are partially covered in large bone
                  | plates. (SH +4) [potion of mutation]
 52321 | Crypt:3  | Gained mutation: Your movements are slightly less
                  | encumbered by armour. (ER -2) [potion of mutation]
 52322 | Crypt:3  | Lost mutation: You are weak. (Str -2) [potion of mutation]
 52322 | Crypt:3  | Lost mutation: Your spells are a little harder to cast, but
                  | a little more powerful. [potion of mutation]
 52322 | Crypt:3  | Lost mutation: You have a beak for a mouth. [potion of
                  | mutation]
 52322 | Crypt:3  | Gained mutation: Scrolls take you a little longer to read.
                  | [potion of mutation]
 52322 | Crypt:3  | Gained mutation: Armour fits poorly on your strangely
                  | shaped body. [potion of mutation]
 52322 | Crypt:3  | Gained mutation: You are resistant to hostile enchantments.
                  | (MR+) [potion of mutation]
 52328 | Tomb:1   | Entered Level 1 of the Tomb of the Ancients
 52371 | Tomb:1   | Noticed Mara
 52383 | Tomb:1   | Noticed Borgoz's illusion
 52384 | Tomb:1   | Killed Mara
 52401 | Tomb:1   | Noticed a greater mummy
 52402 | Tomb:1   | Noticed Khufu
 52402 | Tomb:1   | Noticed a greater mummy
 52418 | Tomb:1   | Killed Khufu
 52418 | Tomb:1   | Reached skill level 23 in Maces & Flails
 52423 | Tomb:1   | Killed a greater mummy
 52427 | Tomb:1   | Noticed Sojobo
 52428 | Tomb:1   | Killed a greater mummy
 52455 | Tomb:1   | HP: 5/161 [Sojobo/bolt of lightning (11)]
 52456 | Tomb:1   | Killed from afar by a tengu reaver

Levels and vault maps discovered:
D:1:      dpeg_arrival_rooms_b, layout_basic, amethyst_killhole
D:2:      layout_loops_cross, gammafunk_temple_overflow_claw, marbit_many_paths
D:3:      layout_rooms, lemuel_round_altar, chequers_serial_rivers_room_a,
          minmay_close_crescents, uniq_sigmund
D:4:      minmay_bubble_buster, layout_basic, temple_green, serial_shops,
          kennysheep_mini, shop, nicolae_shop_crystal,
          nicolae_shop_behind_doors, shop_fountains, minmay_misc_feat_x,
          minmay_between
D:5:      layout_rooms, first_ration, serial_shops, shop,
          makhleb_heckhound_becter
D:6:      layout_basic, grunt_gozag_breadcrumbs, overflow_temple_1_default,
          serial_shops, shop, shop_coins, shop,
          nicolae_shop_competitors_out_of_business, portal_sewer_entry_d
D:7:      layout_loops_ring, kennysheep_mini_moat, okawaru_trees_2
D:8:      layout_rooms, uniq_joseph, uniq_harold
D:9:      layout_big_octagon, serial_shops, nicolae_shop_stone,
          gammafunk_ghost_icy
D:10:     layout_roguey, erik_lair_orcish_takeover, gammafunk_ghost_mausoleum,
          the_bakery, small_chamber_with_monster
D:11:     layout_long_grid, gammafunk_ghost_berserking_beasts, serial_ice,
          serial_ice_c, serial_ice_e, serial_ice_b, serial_ice_k
D:12:     cheibrodos_shockbox, layout_cave_pools, orc_0_dummy,
          serial_bayou_pond_d
D:13:     layout_roguey, david_vaults_1, basic_altar, serial_shops, shop,
          uniq_urug, uniq_jorgrun
D:14:     layout_rooms, kennysheep_decorative_pillar, minmay_misc_feat_enclosed
D:15:     grunt_enter_depths_hoard, layout_layer_cave, lemuel_blue_sif_altar
Lair:1:   layout_hall_layers, nicolae_volcano_entry_s_turn, serial_bayou_pond_a,
          lemuel_fruit_fields
Lair:2:   layout_cave_pods, spider_nest_entry_a, ebering_ghost_funeral_grove,
          grunt_megastairs_1, uniq_fannar
Lair:3:   layout_long_grid, minmay_lair_oklob_chamber, grunt_megastairs_2
Lair:4:   layout_cave_shapes, minmay_swamp_entry_wisps,
          chequers_serial_rivers_room_a, beast_lair_carwin_3,
          infiniplex_staircase_pool_2, serial_bayou_shore_a, uniq_nergalle
Lair:5:   nzn_motion_control, layout_cave_shapes, gammafunk_ghost_ooze,
          serial_bayou_shore_b
Lair:6:   minmay_lair_end_enchanted_forest, layout_regular_city,
          minmay_slime_entry_oklob_enclosed
Swamp:1:  layout_basic_swamp, evilmike_swamp_ruin_house_5,
          infiniplex_staircase_pool
Swamp:2:  layout_falls_marsh, nicolae_swamp_triple_paths
Swamp:3:  layout_basic_swamp, serial_swamp_ruin, evilmike_swamp_ruin_wall,
          evilmike_swamp_ruin_rubble_2, swamp_pool4
Swamp:4:  swamp_alternative, layout_basic_swamp
Spider:1: layout_spider_delve, hangedman_spider_tarantella_strand, uniq_frances
Spider:2: layout_chambers
Spider:3: layout_chambers, nicolae_spider_webs_and_nodes, uniq_asterion
Spider:4: floodkiller_spider_rune_tomb, drop_trap, nicolae_spider_cling_ruins
Slime:1:  layout_caves
Slime:2:  layout_caves
Slime:3:  layout_caves, uniq_donald, uniq_dissolution
Slime:4:  layout_caves, cheibrodos_slime_lost_civilization_4
Slime:5
Orc:1:    layout_caves
Orc:2:    st_orc_rangers, layout_caves, uniq_maurice, uniq_rupert
Elf:1:    minmay_elf_arrival_plus, layout_loops_cross, serial_shops, shop,
          hangedman_elf_disciples, uniq_nikola
Elf:2:    layout_geoelf_diagonals
Elf:3:    minmay_elf_hall, layout_loops_corners, serial_shops,
          nicolae_shop_crystal, grunt_megastairs_3
Vaults:1: ontoclasm_vaults_shuriken, v_alt_pattern_5, vaults_room_pool,
          hangedman_vaults_cutoff, v_rooms_1, v_pattern_3,
          layout_vaults_omnigrid
Vaults:2: nicolae_vaults_back_hallway, minmay_crypt_entry_simple_sparse,
          nicolae_vaults_big_angled_halls, v_misc_4, vaults_mumra_minichess,
          vaults_room_pools, vaults_room_glass_cross, v_rooms_3, v_pattern_5,
          vaults_dpeg_hooks, vaults_room_corners, nicolae_vaults_what_the_h,
          layout_vaults_omnibox, serial_shops, shop, uniq_margery
Vaults:3: nicolae_vaults_network_quinsquares
          [nicolae_vaults_network_quincunx_subvault,
          nicolae_vaults_network_quincunx_subvault,
          nicolae_vaults_network_quincunx_subvault,
          nicolae_vaults_network_quincunx_subvault], nicolae_vaults_asterisk,
          v_misc_2, hangedman_vaults_capsules, v_misc_33,
          vaults_standard_mumra_lines, hangedman_vaults_stitches,
          v_alt_pattern_3, nicolae_vaults_little_squares_1, vaults_room_pool,
          nicolae_vaults_an_arrangement, vaults_dpeg_diagonal,
          layout_vaults_ring, serial_shops, nicolae_shop_window_shopping, shop,
          shop_fountains, shop, nicolae_trove_entry_columns
Vaults:4: grunt_vaults_focal, hangedman_vaults_cutoff, dpeg_vaults_monster_row,
          st_diamondy, nicolae_vaults_little_squares_2, vaults_room_corners,
          vaults_room_grunt_arrival_checkpoint, nicolae_vaults_yaktaur_gun_rack,
          vaults_room_fours, nicolae_vaults_little_squares_3,
          grunt_vaults_hallway_short, ontoclasm_vaults_pinch,
          nicolae_vaults_circle_grid_b, v_misc_23, layout_vaults_maze_snakey
Vaults:5: serial_shops, uniq_xtahua, uniq_frederick, uniq_jory
Crypt:1:  layout_basic, grunt_crypt_arrival_split
Crypt:2:  layout_misc_corridors
Crypt:3:  evilmike_haunted_forest
Tomb:1:   uniq_khufu, uniq_sojobo, uniq_mara

Skill      XL: |  1  2  3  4  5  6  7  8  9 10 11 12 13 14 15 16 17 18 19 20 21 22 23 24 25 26 |
---------------+-------------------------------------------------------------------------------+-----
Dodging        | 2 3 4 5 7 8 9 10 11 12 13 14 15 16 17 18 19 20 | 20.0
Armour         | 3 4 5 6 7 9 10 11 12 14 15 16 17 18 19 20 21 | 21.7
Fighting       | 4 5 6 8 9 10 12 13 14 15 16 17 18 19 20 21 | 21.7
Maces & Flails | 4 5 6 7 8 10 11 12 13 14 15 16 17 18 19 20 21 22 23 | 23.0
Evocations     | 3 5 6 |  6.0

Action                   |  1- 3 |  4- 6 |  7- 9 | 10-12 | 13-15 | 16-18 | 19-21 | 22-24 | 25-27 || total
-------------------------+-------+-------+-------+-------+-------+-------+-------+-------+-------++-------
Melee: Mace              |   133 |   157 |   342 |       |       |       |       |       |       ||   632
       Dire flail        |       |       |   255 |    84 |       |       |       |       |       ||   339
       Morningstar       |       |       |   122 |       |       |       |       |       |       ||   122
       Flail             |       |       |       |   666 |  1382 |       |       |       |       ||  2048
       Great mace        |       |       |       |       |    66 |  1474 |  1473 |  1133 |   270 ||  4416
       Eveningstar       |       |       |       |       |       |       |       |   505 |   348 ||   853
Throw: Throwing net      |       |       |       |       |     1 |       |       |       |       ||     1
Invok: Berserk           |     1 |     3 |     7 |     6 |     7 |     5 |     3 |     3 |     6 ||    41
       Trog's Hand       |       |     2 |     1 |     3 |     3 |     3 |     2 |     9 |     2 ||    25
       Brothers in Arms  |       |       |       |     3 |     9 |     1 |     2 |    10 |     4 ||    29
 Abil: Fly               |       |       |       |       |     1 |       |       |       |       ||     1
Evoke: Wand              |       |       |       |       |       |       |     1 |     3 |     1 ||     5
  Use: Scroll            |     3 |     1 |     5 |     4 |    22 |    20 |     3 |    18 |    15 ||    91
       Potion            |       |     1 |     1 |     2 |     6 |       |     1 |    10 |     8 ||    29
 Stab: Sleeping          |     1 |     3 |     6 |       |       |     3 |     1 |     4 |       ||    18
       Distracted        |       |       |       |       |     2 |       |     2 |     2 |       ||     6
       Petrified         |       |       |       |       |     2 |       |       |       |       ||     2
       Held in net/web   |       |       |       |       |     1 |       |       |       |       ||     1
       Petrifying        |       |       |       |       |     1 |       |       |       |       ||     1
       Paralysed         |       |       |       |       |       |       |     1 |       |       ||     1
       Fleeing           |       |       |       |       |       |       |       |     1 |       ||     1
       Invisible         |       |       |       |       |       |       |       |     3 |       ||     3
  Eat: Chunk             |     2 |     8 |    21 |    18 |    27 |    35 |    25 |    18 |     3 ||   157
       Ration            |       |       |     1 |     2 |     5 |     3 |     3 |     6 |     6 ||    26
Armor: Animal skin       |    61 |    82 |   274 |       |       |       |       |       |       ||   417
       Ring mail         |       |       |    47 |       |       |       |       |       |       ||    47
       Scale mail        |       |       |    28 |   127 |       |       |       |       |       ||   155
       Plate armour      |       |       |       |   422 |   434 |       |       |   480 |   500 ||  1836
       Chain mail        |       |       |       |       |   866 |  2052 |   900 |   849 |       ||  4667
Dodge: Dodged            |   102 |   127 |   681 |   466 |  1245 |  2670 |  1231 |  1306 |   482 ||  8310
Block: Other             |       |       |       |       |       |       |       |       |    79 ||    79

Table legend:
 A = Non-vault XP
 B = Vault XP
 C = Vault XP percentage of total XP
 D = Non-vault monster count
 E = Vault monster count
 F = Vault count percentage of total count
                 A         B        C        D         E       F
            +---------+---------+-------+---------+---------+-------
      Total |  563382 |  588207 |  51.1 |    1481 |     799 |  35.0
            +---------+---------+-------+---------+---------+-------
        D:1 |      51 |       0 |   0.0 |      26 |       0 |   0.0
        D:2 |     218 |       1 |   0.5 |      30 |       1 |   3.2
        D:3 |      37 |     356 |  90.6 |      16 |       4 |  20.0
        D:4 |     603 |     510 |  45.8 |      28 |      13 |  31.7
        D:5 |     514 |      40 |   7.2 |      15 |       1 |   6.2
        D:6 |     829 |      14 |   1.7 |      18 |       1 |   5.3
        D:7 |    1673 |       0 |   0.0 |      44 |       0 |   0.0
        D:8 |    1305 |    1509 |  53.6 |      22 |       2 |   8.3
        D:9 |     656 |    1410 |  68.2 |       8 |       9 |  52.9
       D:10 |    1167 |    3215 |  73.4 |       7 |      18 |  72.0
       D:11 |    9775 |    5223 |  34.8 |      48 |      15 |  23.8
       D:12 |    4043 |     775 |  16.1 |      26 |       1 |   3.7
       D:13 |    9416 |    7316 |  43.7 |      52 |       7 |  11.9
       D:14 |    9284 |       0 |   0.0 |      30 |       0 |   0.0
       D:15 |   12698 |    2000 |  13.6 |      26 |       2 |   7.1
     Lair:1 |    3018 |       0 |   0.0 |      16 |       0 |   0.0
     Lair:2 |    5288 |    4794 |  47.6 |      24 |      12 |  33.3
     Lair:3 |    2063 |    5253 |  71.8 |      13 |      13 |  50.0
     Lair:4 |    3295 |    2124 |  39.2 |      17 |       8 |  32.0
     Lair:5 |    8024 |    6116 |  43.3 |      27 |      10 |  27.0
     Lair:6 |   14477 |    9021 |  38.4 |      42 |      48 |  53.3
    Swamp:1 |   13801 |       0 |   0.0 |      40 |       0 |   0.0
    Swamp:2 |   14745 |       0 |   0.0 |      33 |       0 |   0.0
    Swamp:3 |   16100 |    8421 |  34.3 |      37 |      11 |  22.9
    Swamp:4 |    8358 |    6851 |  45.0 |      17 |      14 |  45.2
   Spider:1 |   13420 |    2525 |  15.8 |      40 |       2 |   4.8
   Spider:2 |   14430 |       0 |   0.0 |      36 |       0 |   0.0
   Spider:3 |    7450 |    2434 |  24.6 |      24 |       1 |   4.0
   Spider:4 |   15603 |   33647 |  68.3 |      31 |      69 |  69.0
    Slime:1 |    5115 |   11040 |  68.3 |      16 |       1 |   5.9
    Slime:2 |    5841 |       0 |   0.0 |      10 |       0 |   0.0
    Slime:3 |    4305 |    1963 |  31.3 |      10 |       1 |   9.1
    Slime:4 |   11618 |       0 |   0.0 |      20 |       0 |   0.0
    Slime:5 |   14346 |   21387 |  59.9 |      22 |      12 |  35.3
      Orc:1 |    2191 |       0 |   0.0 |      36 |       0 |   0.0
      Orc:2 |    3270 |    7696 |  70.2 |      27 |      35 |  56.5
      Elf:1 |   20746 |   10341 |  33.3 |      36 |      13 |  26.5
      Elf:2 |   18577 |   21426 |  53.6 |      34 |      27 |  44.3
      Elf:3 |   22345 |   48979 |  68.7 |      34 |      31 |  47.7
   Vaults:1 |   28954 |   13117 |  31.2 |      44 |      19 |  30.2
   Vaults:2 |   28895 |   34635 |  54.5 |      47 |      46 |  49.5
   Vaults:3 |   38698 |   27856 |  41.9 |      57 |      42 |  42.4
   Vaults:4 |   30289 |   43370 |  58.9 |      42 |      43 |  50.6
   Vaults:5 |   28268 |  130609 |  82.2 |      44 |      81 |  64.8
    Crypt:1 |   20023 |       0 |   0.0 |      32 |       0 |   0.0
    Crypt:2 |   31369 |       0 |   0.0 |      44 |       0 |   0.0
    Crypt:3 |       0 |   75622 | 100.0 |       0 |     112 | 100.0
     Tomb:1 |     827 |   28377 |  97.2 |       4 |       6 |  60.0
    Abyss:2 |   23309 |       0 |   0.0 |      62 |       0 |   0.0
    Abyss:3 |     767 |       0 |   0.0 |       2 |       0 |   0.0
    Abyss:4 |   31288 |    3977 |  11.3 |      65 |       7 |   9.7
      Sewer |       0 |     272 | 100.0 |       0 |      48 | 100.0
    Volcano |       0 |    3985 | 100.0 |       0 |      13 | 100.0
            +---------+---------+-------+---------+---------+-------
